 Dungeon Crawl Stone Soup version 0.30-a0-219-gf2db51d15e (webtiles) character file.

Game seed: 6361146122458802664

11627 themarg the Grappler (level 11, -1/117 HPs)
             Began as a Troll Berserker on Oct 7, 2022.
             Was a High Priest of Trog.
             Slain by a water moccasin (7 damage)
             ... on level 11 of the Dungeon.
             The game lasted 00:38:38 (9085 turns).

themarg the Grappler (Troll Berserker)              Turns: 9085, Time: 00:38:39

Health: -1/117     AC:  8    Str: 31    XL:     11   Next: 51%
Magic:  10/10      EV: 10    Int:  3    God:    Trog [*****.]
Gold:   708        SH:  0    Dex:  9    Spells: 10/10 levels left

rFire   . . .      SeeInvis .      - Unarmed
rCold   . . .      Faith    .    (no shield)
rNeg    . . .      Spirit   .    A - +0 steam dragon scales
rPois   .          Reflect  .    Q - +0 hat {Will+}
rElec   .          Harm     .    m - +0 cloak
rCorr   +          Rampage  .    (gloves unavailable)
Will    +++..                    (boots unavailable)
Stlth   +.........               e - amulet of regeneration
HPRegen 2.99/turn                C - ring of flight
MPRegen 0.12/turn                F - ring of resist corrosion

@: strong-willed, flying, regenerating
A: large, unfitting armour, claws 3, regeneration 1, shaggy fur 1, tough skin 1
a: Renounce Religion, Berserk, Trog's Hand, Brothers in Arms


You were on level 11 of the Dungeon.
You worshipped Trog.
Trog was extremely pleased with you.
You visited 1 branch of the dungeon, and saw 11 of its levels.
You also visited: Sewer and Bailey.

You collected 752 gold pieces.
You spent 44 gold pieces at shops.

Inventory:

Hand Weapons
 L - the +5 double sword of Chaos {vorpal, Dex+4}
   (Trog gifted it to you on level 8 of the Dungeon)

   It inflicts extra damage upon your enemies.
   Dex:       It affects your dexterity (+4).
Missiles
 z - 9 curare-tipped darts (quivered)
 B - 4 atropa-tipped darts
 K - 37 poisoned darts
 N - 4 datura-tipped darts
 T - 5 large rocks
Armour
 m - a +0 cloak (worn)
 A - +0 steam dragon scales (worn)
 O - a +2 tower shield
 Q - a +0 hat of willpower (worn)
Jewellery
 e - an amulet of regeneration (around neck)
 s - an amulet of the acrobat
 C - a ring of flight (left claw)
 F - a ring of resist corrosion (right claw)
 G - a ring of protection from cold
Wands
 x - a wand of iceblast (14)
 J - a wand of flame (14)
 M - a wand of paralysis (7)
 S - a wand of acid (6)
Scrolls
 b - 3 scrolls of fear
 c - 3 scrolls of vulnerability
 n - a scroll of enchant armour {unknown}
 o - a scroll of immolation {unknown}
 p - 3 scrolls of butterflies
 t - 6 scrolls of teleportation
 u - a scroll of silence {unknown}
 v - a scroll of blinking
 w - 4 scrolls of enchant weapon
 y - 2 scrolls of amnesia
 I - 5 scrolls of magic mapping
 R - a scroll of brand weapon {unknown}
 U - a scroll of identify
Potions
 a - 2 potions of lignification {unknown}
 d - 5 potions of might
 f - 2 potions of flight {unknown}
 g - 2 potions of magic
 h - 2 potions of haste
 i - 4 potions of brilliance
 j - a potion of attraction {unknown}
 k - 3 potions of ambrosia
 l - 2 potions of cancellation
 q - 10 potions of curing
 r - 2 potions of degeneration {unknown}
 D - a potion of mutation {unknown}
 E - 2 potions of heal wounds {unknown}
 H - 2 potions of berserk rage
Miscellaneous
 P - a tin of tremorstones (2/2)


   Skills:
 - Level 10.0 Fighting
 - Level 2.4 Dodging
 + Level 9.3 Shields
 - Level 11.0 Unarmed Combat


You had 10 spell levels left.
You didn't know any spells.
Your spell library was empty.

Dungeon Overview and Level Annotations

Branches:
Dungeon (11/15)            Temple (0/1) D:6            Lair (0/5) D:11
    Orc (0/2) D:10          Sewer (visited)          Bailey (visited)

Altars:
Elyvilon
Kikubaaqudgha
Makhleb
Qazlal
Ru
Uskayaw
Vehumet
Wu Jian
Yredelemnul
The Shining One

Shops:
D:8 *   D:11 ?

Portals:
Trove: D:10 (give 4 potions of resistance)

Annotations:
D:4 3 exclusions
D:5 3 runed translucent doors, exclusion: 3 doors, Valamore's ghost, novice HuRe; billz999's ghost, novice TrMo
D:8 3 runed translucent doors, exclusion: 3 doors, Splishie's ghost, novice GnWn
D:11 1 exclusion, Josephine


Innate Abilities, Weirdness & Mutations

You are too large for most types of armour.
You have claws for hands.
Your natural rate of healing is unusually fast.
You are covered in fur. (AC +1)
You have tough skin. (AC +1)


Message History

The yak is almost dead.
The yak gores you but does no damage. The yak gores you!
You claw the yak!
You kill the yak!
Trog accepts your kill. The yak gores you but does no damage.
The yak gores you!
Your life force feels restored.
You scratch the yak but do no damage. The yak barely misses you.
The yak gores you!
You barely miss the yak. You claw the yak.
The yak is lightly wounded.
The yak gores you. The yak gores you! The yak barely misses you.
The yak gores you!
You scratch the wyvern.
The wyvern is lightly wounded.
The wyvern closely misses you. The wyvern misses you.
You scratch the wyvern.
The wyvern is moderately wounded.
The yak gores you but does no damage. The yak gores you!
The yak closely misses you. The yak completely misses you.
The wyvern hisses menacingly.
The wyvern barely misses you. The yak attacks as you move away!
The yak barely misses you. The yak gores you. The wyvern bites you!
* * * LOW HITPOINT WARNING * * *
The yak gores the bush but does no damage. x2
Your skin crawls.
You feel strong-willed. The wyvern barely misses you.
The yak gores you but does no damage. The yak gores you!
* * * LOW HITPOINT WARNING * * *
The yak gores the bush but does no damage.
The yak gores the bush!
The water moccasin bites the bush.
The wyvern closely misses you. The wyvern bites you!
* * * LOW HITPOINT WARNING * * *
The yak attacks as you move away! The yak gores you but does no damage.
The wyvern bites you but does no damage.
The water moccasin bites you!
You die...

................
.................
..........♣......
......P..........
#..............♣.
#...♣...YP......
#.....PYY>.....
#....YYlP.P.♣..... #
#....P.@SP...P.........#
#........:..♣...........
###..P.....PP...........
##P..P....♣.♣.........
##.....P.............
###.................
###...............
##..............
##.............


You could see 5 yaks, a water moccasin and a wyvern.

Vanquished Creatures
  Gastronok (D:10)
  A centaur warrior (D:9)
  A tengu warrior (D:9)
  A cyclops (D:11)
  Joseph (D:10)
  2 gargoyles (D:10)
  An unseen horror (D:11)
  Psyche (D:8)
  A guardian mummy (D:10)
  A slime creature (D:9)
  Sigmund (D:2)
  A wyvern (D:8)
  6 yaks
  A vampire (D:9)
  A basilisk (D:11)
  3 steam dragons
  3 water moccasins (D:11)
  6 orc warriors
  2 black bears
  2 ice beasts
  2 sky beasts (D:7)
  3 centaurs
  2 phantoms (D:5)
  7 kobold brigands
  3 bullfrogs
  2 gnoll sergeants
  3 scorpions
  A necrophage (D:5)
  8 wights
  4 killer bees
  A vampire bat (D:6)
  4 howler monkeys
  3 hounds
  A jelly (D:4)
  3 gnoll boudas
  5 orc priests
  Jessica (D:2)
  3 iguanas
  Terence (D:2)
  Natasha (thrice) (D:3)
  4 orc wizards
  21 gnolls
  13 adders
  2 shadow imps (D:6)
  5 white imps
  3 ufetubi
  3 worms
  3 dart slugs
  30 orcs
  2 bat skeletons (D:6)
  4 bat zombies (D:6)
  8 endoplasms
  6 giant cockroaches
  5 goblins
  6 hobgoblins
  4 jackals
  8 quokkas
  12 ball pythons
  5 bats
  8 frilled lizards
  26 kobolds
  5 rats
280 creatures vanquished.

Vanquished Creatures (collateral kills)
  A wraith (D:11)
  2 orc warriors (Bailey)
  2 kobold brigands (Bailey)
  2 gnolls (D:9)
7 creatures vanquished.

Vanquished Creatures (others)
  A bush (D:11)
  A fungus (D:11)
  17 plants (D:11)
  5 withered plants (D:5)
24 creatures vanquished.

Grand Total: 311 creatures vanquished

Notes
Turn   | Place    | Note
-------+----------+-------------------------------------------
     0 | D:1      | themarg the Troll Berserker began the quest for the Orb.
     0 | D:1      | Reached XP level 1. HP: 22/22 MP: 0/0
   280 | D:1      | Reached XP level 2. HP: 29/29 MP: 1/1
   351 | D:1      | Found a faded altar of an unknown god.
   909 | D:2      | Noticed Terence
   981 | D:2      | Killed Terence
   982 | D:2      | Reached skill level 4 in Unarmed Combat
   982 | D:2      | Reached XP level 3. HP: 32/36 MP: 2/2
  1088 | D:2      | Noticed Sigmund
  1204 | D:2      | Noticed Jessica
  1220 | D:2      | Killed Jessica
  1221 | D:2      | Reached XP level 4. HP: 38/45 MP: 3/3
  1773 | D:2      | Killed Sigmund
  1774 | D:2      | Reached skill level 5 in Unarmed Combat
  1774 | D:2      | Reached XP level 5. HP: 52/54 MP: 4/4
  1774 | D:2      | Reached XP level 6. HP: 60/62 MP: 5/5
  2060 | D:3      | Reached ** piety under Trog
  2247 | D:3      | Noticed Natasha
  2254 | D:3      | Killed Natasha
  2255 | D:3      | Reached skill level 6 in Unarmed Combat
  2257 | D:3      | Noticed Natasha
  2264 | D:3      | Killed Natasha
  2578 | D:3      | Noticed Natasha
  2581 | D:3      | Killed Natasha
  2797 | D:4      | Found a glowing drain.
  2806 | Sewer    | Entered a sewer
  2818 | Sewer    | Reached XP level 7. HP: 70/70 MP: 6/6
  2884 | Sewer    | Reached *** piety under Trog
  3023 | Sewer    | Reached skill level 7 in Unarmed Combat
  3372 | D:4      | Found an ornate altar of the Wu Jian Council.
  3383 | D:4      | Found a radiant altar of Vehumet.
  3722 | D:5      | Entered Level 5 of the Dungeon
  3752 | D:5      | Found a runed translucent gate.
  3753 | D:5      | Found a runed translucent gate.
  3754 | D:5      | Found a runed translucent gate.
  3755 | D:5      | Noticed billz999's ghost (novice TrMo)
  3755 | D:5      | Noticed Valamore's ghost (novice HuRe)
  3841 | D:5      | Found a hide-covered altar of Uskayaw.
  3846 | D:5      | Reached skill level 5 in Fighting
  3846 | D:5      | Reached skill level 8 in Unarmed Combat
  3850 | D:5      | Reached XP level 8. HP: 80/80 MP: 7/7
  4038 | D:5      | Reached **** piety under Trog
  4077 | D:5      | Reached skill level 9 in Unarmed Combat
  4632 | D:6      | Reached skill level 10 in Unarmed Combat
  4669 | D:6      | Found a staircase to the Ecumenical Temple.
  5245 | D:6      | Found an ancient bone altar of Kikubaaqudgha.
  5393 | D:7      | HP: 4/120 [gnoll/+0 vorpal flail[a gnoll sergeant] (4)]
  5398 | D:7      | HP: 3/80 [poisoned by a gnoll sergeant]
  5666 | D:7      | Reached skill level 1 in Shields
  5666 | D:7      | Reached XP level 9. HP: 87/88 MP: 8/8
  5706 | D:7      | Reached skill level 11 in Unarmed Combat
  5915 | D:7      | Reached ***** piety under Trog
  6238 | D:8      | Reached skill level 5 in Shields
  6337 | D:8      | Found Caiff's Assorted Antiques.
  6345 | D:8      | Bought a scroll of identify for 44 gold pieces
  6360 | D:8      | Noticed Psyche
  6366 | D:8      | Killed Psyche
  6421 | D:8      | Found a runed translucent gate.
  6421 | D:8      | Noticed Splishie's ghost (novice GnWn)
  6422 | D:8      | Found a runed translucent gate.
  6423 | D:8      | Found a runed translucent gate.
  6425 | D:8      | Identified the +6 plate armour of the Shifting Gods {rElec
                  | rPois}
  6481 | D:8      | Found a glowing golden altar of the Shining One.
  6613 | D:8      | Identified the +5 double sword of Chaos {vorpal, Dex+4}
                  | (Trog gifted it to you on level 8 of the Dungeon)
  6613 | D:8      | Received a gift from Trog
  6704 | D:8      | Found a burning altar of Makhleb.
  6886 | D:9      | Found a basalt altar of Yredelemnul.
  6945 | D:9      | Reached XP level 10. HP: 102/102 MP: 9/9
  6997 | D:9      | Found a white marble altar of Elyvilon.
  7151 | D:9      | Found a sacrificial altar of Ru.
  7205 | D:9      | Noticed a centaur warrior
  7205 | D:9      | Noticed a tengu warrior
  7221 | D:9      | Killed a centaur warrior
  7233 | D:9      | Killed a tengu warrior
  7516 | D:10     | Entered Level 10 of the Dungeon
  7524 | D:10     | Noticed Joseph
  7533 | D:10     | Killed Joseph
  7545 | D:10     | Found a portal to a secret trove of treasure.
  7615 | D:10     | Found a flagged portal.
  7624 | Bailey   | Entered a bailey
  7756 | Bailey   | Found a bloodstained altar of Trog.
  7903 | D:10     | Noticed a gargoyle
  7909 | D:10     | Killed a gargoyle
  7913 | D:10     | Found a stormy altar of Qazlal.
  7916 | D:10     | Noticed Gastronok
  7920 | D:10     | Reached XP level 11. HP: 108/115 MP: 10/10
  7975 | D:10     | Killed Gastronok
  8030 | D:10     | Found a staircase to the Orcish Mines.
  8670 | D:11     | Found Qaloday's Magic Scroll Boutique.
  8725 | D:11     | Noticed Josephine
  8749 | D:11     | HP: 4/102 [something (7)]
  8851 | D:11     | Reached skill level 10 in Fighting
  9059 | D:11     | Found a staircase to the Lair.
  9084 | D:11     | HP: 3/117 [wyvern (16)]
  9085 | D:11     | Slain by a water moccasin

Illustrated notes

Levels and vault maps discovered:
D:1:      dpeg_arrival_water_fire, layout_basic,
          ebering_ecumenical_altar_sacrificial, dk_noncrumbling_4
D:2:      layout_basic, minmay_split_cup_large, uniq_jessica, uniq_sigmund,
          uniq_terence
D:3:      layout_loops_ring, uniq_natasha
D:4:      layout_basic, fiery_altar_vehumet, kennysheep_little_box,
          portal_sewer_entry_d
D:5:      layout_rooms, mainiacjoe_overflow_chevrons, gammafunk_ghost_cemetery,
          kennysheep_another_room, minmay_puff
D:6:      layout_layer_cave, kennysheep_vampire_church,
          minmay_temple_entry_nine_rooms
D:7:      layout_basic
D:8:      layout_rooms, lightli_temple_of_fire, pf_just_have_faith,
          biasface_ghost_orc_armoury, serial_shops, nicolae_shop_trees,
          uniq_psyche
D:9:      layout_rooms, nicolae_ru_awakened_eye, mainiacjoe_overflow_brackets,
          elyvilon_altar_4, minmay_checkerbox
D:10:     layout_small_grid, nicolae_qazlal_general_emergency, enter_bailey_8,
          nicolae_trove_entry_path_of_doom, uniq_joseph, uniq_gastronok
D:11:     layout_big_octagon, minmay_lair_entry_grove, serial_shops, shop,
          uniq_josephine

Skill      XL: |  1  2  3  4  5  6  7  8  9 10 11 |
---------------+----------------------------------+-----
Unarmed Combat | 4 5 6 8 10 11 | 11.0
Fighting       | 3 4 5 7 9 10 | 10.0
Shields        | 1 5 7 9 |  9.3
Dodging        | |  2.4

Action                   |  1- 3 |  4- 6 |  7- 9 | 10-12 || total
-------------------------+-------+-------+-------+-------++-------
Melee: Unarmed           |    62 |   125 |   355 |   264 ||   806
       Punch             |     2 |     7 |    14 |    13 ||    36
Invok: Berserk           |       |     1 |     3 |     1 ||     5
       Brothers in Arms  |       |       |       |     3 ||     3
       Trog's Hand       |       |       |       |     2 ||     2
  Use: Scroll            |       |       |    11 |     5 ||    16
 Stab: Sleeping          |     1 |       |       |       ||     1
Armor: Animal skin       |    18 |    29 |    37 |       ||    84
       Steam dragon scal |       |       |    90 |   122 ||   212
Dodge: Dodged            |    32 |    59 |   154 |   124 ||   369

Table legend: (Time is in decaauts)
 A = Elapsed time spent in this place.
 B = Non-inter-level travel time spent in this place.
 C = Inter-level travel time spent in this place.
 D = Time resting spent in this place.
 E = Time spent auto-exploring this place.
 F = Levels seen in this place.
 G = Mean time per level.
                   A        B        C        D        E       F      G
               +--------+--------+--------+--------+--------+-----+--------+
         Total |   9112 |   8708 |    404 |    386 |   5812 |  13 |  700.9 |
       Dungeon |   8425 |   8021 |    404 |    386 |   5572 |  11 |  765.9 |
         Sewer |    525 |    525 |      0 |      0 |    232 |   1 |  525.0 |
        Bailey |    161 |    161 |      0 |      0 |      8 |   1 |  161.0 |
               +--------+--------+--------+--------+--------+-----+--------+

Top non-repeatable levels by time:
     D:6: 1114 daAuts
     D:2: 1074 daAuts
    D:10: 937 daAuts
     D:1: 899 daAuts
     D:7: 786 daAuts
     D:9: 770 daAuts
     D:3: 667 daAuts
     D:8: 631 daAuts
     D:4: 625 daAuts
     D:5: 560 daAuts
   Sewer: 525 daAuts
    D:11: 357 daAuts
  Bailey: 161 daAuts
